 Dungeon Crawl Stone Soup version 0.30-b1-2-g02819fbbbe (webtiles) character file.

Game seed: 9648171618078489673

55499 Arzdou the Warrior (level 14, -4/102 HPs)
             Began as a Gargoyle Cinder Acolyte on May 10, 2023.
             Was a Priest of Uskayaw.
             Slain by an orc warlord
             ... wielding a +4 battleaxe of distortion
              (22 damage)
             ... on level 1 of the Orcish Mines.
             The game lasted 00:38:38 (18750 turns).

Arzdou the Warrior (Gargoyle Cinder Acolyte)       Turns: 18750, Time: 00:38:38

Health: -4/102     AC: 34    Str: 22    XL:     14   Next: 77%
Magic:  18/21      EV: 14    Int: 16    God:    Uskayaw [***...]
Gold:   1211       SH:  4    Dex:  5    Spells: 21/23 levels left

rFire   . . .        r - +6 whip (elec)
rCold   + . .        V - +0 buckler {reflect}
rNeg    + . .        c - +4 scale mail
rPois   ∞            O - +1 helmet
rElec   +            N - scarf {rC+ rF+}
rCorr   .            G - +2 pair of gloves
SInv    .            f - +0 pair of boots
Will    +....        m - amulet of regeneration Stlth
                     j - +5 ring of evasion
HPRegen 1.17/turn    u - +4 ring of protection
MPRegen 0.17/turn

%: reflection
@: mighty, flying, studying Poison Magic, fire susceptible
A: sickness immunity, AC +10, big wings, negative energy resistance 1,
electricity resistance, torment resistance 1, petrification resistance
a: Renounce Religion, Stomp, Line Pass


You were on level 1 of the Orcish Mines.
You worshipped Uskayaw.
Uskayaw was noncommittal.
You visited 4 branches of the dungeon, and saw 19 of its levels.
You also visited: Sewer.

You collected 1460 gold pieces.
You spent 249 gold pieces at shops.

Inventory:

Hand Weapons
 a - a -1 mace of flaming
 b - the +9 flail "Ziurix" {holy, *Corrode rElec rPois rF+}
   (You found it on level 7 of the Dungeon)

   rF:        It protects you from fire.
   rElec:     It insulates you from electricity.
   rPois:     It protects you from poison.
   *Corrode:  It may corrode you when you take damage.
 r - a +6 whip of electrocution (weapon)
 w - a +2 broad axe of flaming
Missiles
 C - 2 throwing nets
Armour
 c - a +4 scale mail (worn)
 f - a +0 pair of boots (worn)
 G - a +2 pair of gloves (worn)
 N - a scarf of resistance (worn)
 O - a +1 helmet (worn)
 V - a +0 buckler of reflection (worn)
Jewellery
 j - a +5 ring of evasion (left hand)
 m - an amulet of regeneration (around neck)
 u - a +4 ring of protection (right hand)
 P - a ring of protection from fire
Wands
 o - a wand of charming (17)
 y - a wand of flame (25)
 I - a wand of iceblast (11)
 J - a wand of digging (3)
 K - a wand of acid (20)
Scrolls
 e - 7 scrolls of teleportation
 g - a scroll of magic mapping
 k - a scroll of fear
 n - 2 scrolls of torment
 p - 2 scrolls of noise
 v - 9 scrolls of identify
 B - 2 scrolls of enchant armour
 M - 2 scrolls of enchant weapon
 S - 2 scrolls of amnesia {unknown}
 T - a scroll of vulnerability {unknown}
 X - a scroll of fog
 Y - a scroll of blinking
Potions
 d - 11 potions of curing
 l - 4 potions of attraction
 q - 3 potions of lignification
 s - 6 potions of heal wounds
 t - 4 potions of flight
 x - 8 potions of brilliance
 A - 5 potions of degeneration
 D - a potion of magic {unknown}
 E - a potion of resistance
 F - 2 potions of cancellation
 Q - 3 potions of haste
 R - 2 potions of mutation {unknown}


   Skills:
 - Level 17.0 Fighting
 - Level 10.7(12.4) Axes
 + Level 11.0(13.2) Maces & Flails
 - Level 10.0 Armour
 - Level 5.0 Shields
 - Level 5.0 Spellcasting
 - Level 7.0 Fire Magic
 + Level 3.0 Invocations


You had 21 spell levels left.
You knew the following spells:

 Your Spells              Type           Power      Damage    Failure   Level
a - Scorch                Fire           52%        2d7       3%          2

Your spell library contained the following spells:

 Spells                   Type           Power      Damage    Failure   Level
 Ensorcelled Hibernation  Hex/Ice        8%         N/A       52%         2
 Static Discharge         Conj/Air       8%         2-3/arc   52%         2
 Spider Form              Tmut/Pois      4%         N/A       77%         3
 Airstrike                Air            2%         2d(1-17)  99%         4
 Anguish                  Hex/Necr       2%         N/A       99%         4
 Dispel Undead            Necr           4%         3d7       99%         4
 Petrify                  Tmut/Erth      4%         N/A       99%         4
 Summon Lightning Spire   Summ/Air       4%         N/A       99%         4
 Metabolic Englaciation   Hex/Ice        2%         N/A       100%        5
 Death Channel            Necr           2%         N/A       100%        6
 Cigotuvi's Dreadful Rot  Necr/Pois/Air  Unusable   N/A       N/A         2
 Statue Form              Tmut/Erth      Unusable   N/A       N/A         6

Dungeon Overview and Level Annotations

Branches:
Dungeon (12/15)            Temple (1/1) D:5            Lair (5/5) D:10
 Shoals (0/4) Lair:2       Spider (0/4) Lair:3        Slime (0/5) Lair:5
    Orc (1/2) D:10          Sewer (visited)

Altars:
Ashenzari
Cheibriados
Dithmenos
Elyvilon
Fedhas
Gozag
Hepliaklqana
Kikubaaqudgha
Makhleb
Nemelex Xobeh
Okawaru
Qazlal
Ru
Sif Muna
Trog
Uskayaw
Vehumet
Wu Jian
Xom
Yredelemnul
Zin
The Shining One
Lugonu

Shops:
D:1 (   D:4 *

Portals:
Abyss: Lair:5

Annotations:
D:5 3 runed translucent doors, Arcadio's ghost, amateur MiBe
D:10 1 transporter, NitroKuite's ghost, journeyman DEEE
Lair:5 1 runed translucent door


Innate Abilities, Weirdness & Mutations

You are immune to sickness and miasma.
Your stone body is resilient. (AC +10)
You are immune to poison.
Your large and strong wings let you fly.
You resist negative energy. (rN+)
You are resistant to electric shocks. (rElec)
You are resistant to unholy torment.
You are immune to petrification.


Message History

Space warps horribly around you!
* * * LOW HITPOINT WARNING * * *
You can move again.
Okay, then.
You are too injured to fight recklessly!
Unknown command.
You whack the orc wizard!
Lightning courses through the orc wizard!
You kill the orc wizard!
The orc warrior closely misses you. You block the orc warrior's attack.
The orc sorcerer closely misses you. The orc priest barely misses you.
Unknown command.
You whack the orc sorcerer!
Lightning courses through the orc sorcerer!!
You kill the orc sorcerer!
The orc warlord roars a battlecry!
The orc warrior goes into a battle-frenzy!
Uskayaw will force your foes to helplessly watch your dance.
Your Invocations skill increases to level 3!
You hit the orc warlord.
The orc warlord is severely wounded.
The orc warrior barely misses you. Something hits you but does no damage.
The orc priest hits you but does no damage.
Unknown command.
You whack the orc warlord!
The orc warlord is severely wounded.
The orc warlord hits you but does no damage.
Space warps around you.
* * * LOW HITPOINT WARNING * * *
Uskayaw will force your foes to share their pain.
Uskayaw links your audience in an emotional bond!
You stomp with the beat, sending a shockwave through the revellers around you!
You kill the orc priest!
Reactivating autopickup.
You feel a bit more experienced. x2
You kill the orc warrior!
The orc warlord is almost dead.
The orc warrior completely misses you.
The orc warlord hits you with a +4 battleaxe of distortion!!
You die...

##.#.##... ..........
.....#.. . ....#.##.#
#.........
###...........
###.#.....#........
#........)....#......
.......#@)...........
.......o))....#.......
>........o#...........
.#......>.....#...#.>.
###.#....)...#.......
#.#.#..<)...........
$.......))......#....
.........$#........#
..........#..$#.....#


You could see an orc warlord (pain bonded) and an orc warrior (strong, pain
bonded).

Vanquished Creatures
  A dire elephant (Lair:1)
  Josephine (Lair:3)
  3 hydras
  A catoblepas (Lair:5)
  3 two-headed ogres
  A boulder beetle (Lair:3)
  3 thrashing horrors (Lair:5)
  Urug (D:12)
  2 skysharks
  An ugly thing (Lair:5)
  Pikel (D:4)
  2 orc sorcerers
  A cyclops (D:6)
  4 manticores
  26 elephants
  12 cane toads
  A smoke demon (Lair:5)
  A torpor snail (Lair:3)
  2 gargoyles (D:12)
  2 rime drakes
  A kobold demonologist (D:12)
  2 unseen horrors
  6 komodo dragons
  3 polar bears
  2 ancient zymes (Lair:5)
  6 trolls
  Grinder (D:4)
  2 hornets
  Prince Ribbit (D:8)
  A snapping turtle (Lair:2)
  4 dream sheep (Lair:3)
  28 blink frogs
  2 large abominations (Lair:5)
  Sigmund (D:3)
  A jumping spider (Lair:3)
  2 ynoxinuls (Lair:5)
  A vampire (D:11)
  A shadow (D:10)
  6 wraiths
  A human (shapeshifter) (Lair:5)
  23 yaks
  A hog (shapeshifter) (Lair:5)
  4 wyverns
  2 chaos spawn (Lair:5)
  7 fire elementals (D:12)
  3 vampire mosquitoes (D:10)
  A steam dragon (D:7)
  5 basilisks
  Menkaure (D:6)
  3 wargs (D:10)
  9 water moccasins
  3 ice beasts
  14 orc warriors
  11 small abominations (Lair:5)
  A black bear (D:5)
  2 sky beasts
  8 ogres
  7 wolves
  5 centaurs
  A phantom (D:5)
  6 kobold brigands
  8 bullfrogs
  6 gnoll sergeants (D:10)
  A scorpion (D:6)
  8 wights
  5 killer bees (D:7)
  4 howler monkeys
  4 electric eels
  2 hounds
  10 orc priests
  4 jellies
  2 sleepcaps (D:5)
  2 gnoll boudas
  3 iguanas
  15 orc wizards
  11 gnolls
  7 adders
  A shadow imp (D:7)
  A white imp (D:6)
  2 ufetubi
  3 worms
  3 dart slugs
  50 orcs
  20 ball pythons
  2 bats (D:2)
  4 bat zombies (D:3)
  15 endoplasms
  14 giant cockroaches
  2 goblins
  10 hobgoblins
  13 jackals
  11 quokkas
  8 frilled lizards
  14 kobolds
  6 rats
  A rat zombie (D:3)
530 creatures vanquished.

Vanquished Creatures (others)
  An orc (D:7)
  4 foxfires (D:6)
  12 fungi
  31 plants
48 creatures vanquished.

Grand Total: 578 creatures vanquished

Notes
Turn   | Place    | Note
-------+----------+-------------------------------------------
     0 | D:1      | Arzdou the Gargoyle Cinder Acolyte began the quest for the
                  | Orb.
     0 | D:1      | Reached XP level 1. HP: 14/14 MP: 2/2
    93 | D:1      | Reached XP level 2. HP: 14/19 MP: 3/3
   381 | D:1      | Reached XP level 3. HP: 20/24 MP: 5/5
   493 | D:1      | Learned a level 2 spell: Scorch
   608 | D:1      | Found Loghobb's Weapon Emporium.
   651 | D:2      | Identified the +5 long sword "Kegudes" {vamp, Drain rPois
                  | rC+}
  1305 | D:2      | Found a sparkling altar of Nemelex Xobeh.
  1652 | D:3      | Reached XP level 4. HP: 29/29 MP: 7/7
  1765 | D:3      | Noticed Sigmund
  1776 | D:3      | Killed Sigmund
  1777 | D:3      | Reached XP level 5. HP: 27/33 MP: 7/10
  1777 | D:3      | Reached XP level 6. HP: 31/38 MP: 7/11
  2005 | D:3      | Found an ancient bone altar of Kikubaaqudgha.
  2096 | D:3      | Found a shimmering blue altar of Sif Muna.
  2179 | D:3      | Found a glowing drain.
  2184 | Sewer    | Entered a sewer
  2289 | Sewer    | Reached skill level 5 in Fire Magic
  3026 | D:4      | Noticed Grinder
  3058 | D:4      | Killed Grinder
  3059 | D:4      | Reached XP level 7. HP: 42/42 MP: 12/14
  3213 | D:4      | Reached skill level 5 in Maces & Flails
  3213 | D:4      | Reached skill level 5 in Spellcasting
  3541 | D:4      | Reached XP level 8. HP: 48/48 MP: 15/15
  3618 | D:4      | Found Wiloffi's Mayhem Merchandise.
  3622 | D:4      | Bought a +2 broad axe of freezing for 249 gold pieces
  3710 | D:4      | Noticed Pikel
  3717 | D:4      | Killed Pikel
  3958 | D:4      | Found an iron altar of Okawaru.
  4006 | D:5      | Entered Level 5 of the Dungeon
  4036 | D:5      | Found a runed translucent gate.
  4036 | D:5      | Found a runed translucent gate.
  4036 | D:5      | Found a runed translucent gate.
  4037 | D:5      | Noticed Arcadio's ghost (amateur MiBe)
  4048 | D:5      | Found a glowing silver altar of Zin.
  4454 | D:5      | Reached skill level 5 in Axes
  4511 | D:5      | Reached XP level 9. HP: 49/52 MP: 16/16
  4759 | D:5      | Found a staircase to the Ecumenical Temple.
  4772 | Temple   | Entered the Ecumenical Temple
  4936 | D:6      | Noticed Menkaure
  5077 | D:6      | Noticed a cyclops
  5267 | D:6      | Killed Menkaure
  5360 | D:6      | Noticed a troll
  5370 | D:6      | Killed a troll
  5370 | D:6      | Killed an unseen horror
  5406 | D:6      | Killed a cyclops
  5419 | D:6      | Reached XP level 10. HP: 56/56 MP: 17/17
  5464 | D:6      | Found an opulent altar of Gozag.
  5511 | D:6      | Reached skill level 10 in Axes
  5603 | D:6      | Found the +7 Throatcutter {drain, coup de grace}
  5751 | D:6      | Found a snail-covered altar of Cheibriados.
  6038 | D:7      | Identified the +9 flail "Ziurix" {holy, *Corrode rElec
                  | rPois rF+}
  6212 | D:7      | Noticed a manticore
  6220 | D:7      | Killed a manticore
  6435 | D:7      | Found a radiant altar of Vehumet.
  7314 | D:8      | Identified the +0 falchion "Fauby" {flame, Dex+5}
  7470 | D:8      | Identified the +6 trident of the Secret Wishes {venom,
                  | Drain rPois Str+4 SInv}
  7562 | D:8      | Noticed Prince Ribbit
  7594 | D:8      | Killed Prince Ribbit
  8093 | D:9      | Noticed a two-headed ogre
  8101 | D:9      | Killed a two-headed ogre
  8130 | D:9      | Reached XP level 11. HP: 59/60 MP: 18/18
  8339 | D:9      | Identified the +5 quarterstaff of the Loving Dove {holy,
                  | *Corrode rF++ Dex+4}
  8628 | D:10     | Entered Level 10 of the Dungeon
  8688 | D:10     | Found a staircase to the Lair.
  8699 | D:10     | Reached skill level 4 in Fighting
  8746 | D:10     | Reached skill level 5 in Fighting
  9093 | D:10     | Found a staircase to the Orcish Mines.
  9121 | D:10     | Reached skill level 6 in Fighting
  9199 | D:10     | Reached skill level 7 in Fighting
  9470 | D:10     | Found a transporter.
  9471 | D:10     | Noticed NitroKuite's ghost (journeyman DEEE)
  9472 | D:10     | Identified the +2 dire flail "Eripraih" {drain, MP+9
                  | Stlth+}
  9472 | D:10     | Identified the +7 dire flail "Killer Bee's Bane" {venom,
                  | rPois rF- SInv Stlth+}
  9472 | D:10     | Noticed a two-headed ogre
  9477 | D:10     | Noticed a two-headed ogre
  9479 | D:10     | Noticed a two-headed ogre
  9796 | D:11     | Noticed a two-headed ogre
  9822 | D:11     | Killed a two-headed ogre
  9823 | D:11     | Reached skill level 8 in Fighting
  9897 | D:11     | Noticed a two-headed ogre
  9907 | D:11     | Killed a two-headed ogre
  9908 | D:11     | Reached skill level 9 in Fighting
 10306 | Lair:1   | Entered Level 1 of the Lair of Beasts
 10359 | Lair:1   | Reached skill level 10 in Fighting
 10446 | Lair:1   | Reached XP level 12. HP: 77/77 MP: 19/19
 10514 | Lair:1   | Reached skill level 11 in Fighting
 10961 | Lair:1   | Noticed a dire elephant
 10994 | Lair:1   | HP: 1/81 [dire elephant (14)]
 10995 | Lair:1   | Killed a dire elephant
 10996 | Lair:1   | Reached skill level 12 in Fighting
 11803 | Lair:2   | Noticed a seven-headed hydra
 11810 | Lair:2   | Killed a seven-headed hydra
 11811 | Lair:2   | Reached skill level 5 in Armour
 11960 | Lair:2   | Found a staircase to the Shoals.
 12205 | Lair:2   | Noticed a skyshark
 12224 | Lair:2   | Killed a skyshark
 12508 | Lair:3   | Reached XP level 13. HP: 73/86 MP: 20/20
 12525 | Lair:3   | Found a hole to the Spider Nest.
 12761 | Lair:3   | Reached skill level 10 in Armour
 12769 | Lair:3   | Reached skill level 1 in Shields
 13006 | Lair:3   | Reached skill level 5 in Shields
 13332 | Lair:3   | Noticed Josephine
 13349 | Lair:3   | Killed Josephine
 13614 | Lair:3   | Reached skill level 13 in Fighting
 14071 | Lair:4   | Found a shimmering blue altar of Sif Muna.
 14114 | Lair:4   | Reached skill level 14 in Fighting
 14907 | Lair:5   | Entered Level 5 of the Lair of Beasts
 15033 | Lair:5   | Reached skill level 15 in Fighting
 15110 | Lair:5   | Gained mutation: Your large and strong wings let you fly.
                  | [Gargoyle growth]
 15110 | Lair:5   | Reached XP level 14. HP: 71/98 MP: 21/21
 15419 | Lair:5   | Reached skill level 16 in Fighting
 15827 | Lair:5   | Reached skill level 17 in Fighting
 15949 | Lair:5   | Found a runed translucent door.
 15983 | Lair:5   | Found a staircase to the Slime Pits.
 16077 | Lair:5   | Reached skill level 10 in Maces & Flails
 16463 | Lair:5   | Found a corrupted altar of Lugonu.
 16463 | Lair:5   | Found a one-way gate to the infinite horrors of the Abyss.
 16470 | Lair:5   | Identified the +0 chain mail of Virtue {Drain Str+5}
 16828 | Temple   | Fell from the grace of Ignis
 16828 | Temple   | Became a worshipper of Uskayaw the Reveller
 16998 | Orc:1    | Entered Level 1 of the Orcish Mines
 16999 | Orc:1    | Noticed an orc warlord
 17004 | Orc:1    | Reached * piety under Uskayaw
 17009 | Orc:1    | Reached ** piety under Uskayaw
 17022 | D:10     | Reached *** piety under Uskayaw
 17031 | D:10     | Reached **** piety under Uskayaw
 17108 | Orc:1    | Paralysed by an orc sorcerer for 4 turns
 17275 | D:10     | You are sucked into a shaft and drop 2 floors!
 17296 | D:12     | Reached skill level 1 in Invocations
 18123 | D:12     | Noticed Urug
 18130 | D:12     | Killed Urug
 18741 | Orc:1    | Paralysed by an orc sorcerer for 5 turns
 18750 | Orc:1    | Slain by an orc warlord

Illustrated notes

Levels and vault maps discovered:
D:1:      spicycebolla_arrival_ecumenical, layout_rooms, serial_shops, shop
D:2:      layout_loops_ring, basic_altar
D:3:      layout_rooms, marbit_many_paths, lemuel_zombie_altar_kikubaaqudgha,
          portal_sewer_entry_e, grunt_decor_resistance, uniq_crazy_yiuf_cottage,
          uniq_sigmund
D:4:      layout_loops_corners, kennysheep_mini, kennysheep_crisscross,
          minmay_shop_mayhem, minmay_manual_mail, uniq_pikel, uniq_grinder
D:5:      layout_loops_ring, amcnicky_altar_gilded, temple_green,
          gammafunk_ghost_split, grunt_ministairs_13, supply_closet_lemuel
D:6:      minmay_cornered_nines, layout_basic, cheibrodos_worm_habitat,
          grunt_gozag_statues, uniq_menkaure
D:7:      layout_loops_corners, mainiacjoe_overflow_paths
D:8:      layout_basic, nicolae_wwwww, uniq_prince_ribbit1
D:9:      nicolae_cairo_tiling_very_big, layout_cave_pools, minivault_14,
          dk_noncrumbling_3
D:10:     layout_gridville, erik_lair_orcish_takeover,
          kennysheep_orc_monster_closet_entryway, gammafunk_ghost_smash
D:11:     layout_basic
D:12:     layout_grid_maze, uniq_urug
Temple:   hellmonk_temple_of_storms
Lair:1:   layout_chaotic_city, nicolae_lair_grazing_beasts
          [nicolae_sub_lair_graze_edge, nicolae_sub_lair_graze_edge,
          nicolae_sub_lair_graze_edge, nicolae_sub_lair_graze_edge],
          grunt_megastairs_1
Lair:2:   layout_layer_cave, minmay_shoals_entry_hut
Lair:3:   layout_cave_pods, spider_nest_entry_rubble, wad_woods_road_02,
          pdpol_lair_cavern_descent, uniq_josephine
Lair:4:   layout_gridlike, basic_altar, serial_rivers,
          chequers_serial_rivers_small_3, chequers_serial_rivers_large_b,
          chequers_serial_rivers_room_a, chequers_serial_rivers_micro_c,
          chequers_serial_rivers_room_a
Lair:5:   hellmonk_lair_end_abyssal_woods, layout_hall_layers, slime_entry_2
Orc:1:    layout_caves, uniq_snorg, uniq_harold

Skill      XL: |  1  2  3  4  5  6  7  8  9 10 11 12 13 14 |
---------------+-------------------------------------------+-----
Spellcasting   | 2 3 4 5 |  5.0
Fire Magic     | 4 5 7 |  7.0
Maces & Flails | 4 6 8 9 11 | 11.0
Axes           | 6 9 10 | 10.7
Fighting       | 10 12 15 17 | 17.0
Armour         | 9 10 | 10.0
Shields        | 5 |  5.0
Invocations    | 3 |  3.0

Action                     |  1- 3 |  4- 6 |  7- 9 | 10-12 | 13-15 || total
---------------------------+-------+-------+-------+-------+-------++-------
  Melee: Mace              |   150 |   165 |    53 |       |       ||   368
         Broad axe         |       |       |   201 |   161 |       ||   362
         Whip              |       |       |       |   773 |  1276 ||  2049
  Throw: Throwing net      |       |       |     1 |       |       ||     1
   Cast: Scorch            |       |    21 |     6 |     4 |       ||    31
 Invoke: Fiery Armour      |     1 |     2 |     3 |     5 |       ||    11
         Foxfire Swarm     |       |       |     1 |       |       ||     1
         Stomp             |       |       |       |       |     4 ||     4
         Rising Flame      |       |       |       |       |     1 ||     1
    Use: Scroll            |       |     1 |     1 |    21 |     1 ||    24
         Potion            |       |       |     2 |       |     7 ||     9
   Stab: Paralysed         |       |       |       |       |    10 ||    10
 Armour: Robe              |    59 |     8 |       |       |       ||    67
         Ring mail         |       |    65 |    35 |       |       ||   100
         Chain mail        |       |       |   206 |   173 |       ||   379
         Scale mail        |       |       |       |   293 |   738 ||  1031
  Dodge: Dodged            |   106 |   161 |   221 |   455 |   712 ||  1655
  Block: Buckler           |     5 |    13 |    20 |    45 |   176 ||   259
         Reflection        |       |       |       |       |     1 ||     1
